 Dungeon Crawl Stone Soup version 0.28-a0-1567-g1695149f81 (webtiles) character file.

Game seed: 14017390545480535528

55 dolemite99 the Cutter (level 4, -1/28 HPs)
             Began as a Kobold Abyssal Knight on Jan 20, 2022.
             Was an Initiate of Lugonu.
             Slain by a gnoll (9 damage)
             ... on level 2 of the Dungeon.
             The game lasted 00:02:56 (4520 turns).

dolemite99 the Cutter (Kobold Abyssal Knight)       Turns: 4520, Time: 00:02:57

Health: -1/28      AC:  3    Str: 10 (12) XL:     4   Next: 14%
Magic:  5/5        EV: 14    Int: 10 (11) God:    Lugonu [......]
Gold:   118        SH:  0    Dex: 13 (15) Spells: 3/3 levels left

rFire   . . .      SeeInvis .   a - +1 short sword
rCold   . . .      Faith    .   (no shield)
rNeg    . . .      Spirit   .   b - +0 leather armour
rPois   .          Reflect  .   (no helmet)
rElec   .          Harm     .   (no cloak)
rCorr   .          Rampage  .   (no gloves)
Will    .....                   (no boots)
Stlth   ++........              (no amulet)
HPRegen 0.09/turn               (no ring)
MPRegen 0.09/turn               (no ring)

@: no status effects
A: small, no large weapons, nightstalker 3
a: Renounce Religion


You were on level 2 of the Dungeon.
You worshipped Lugonu.
Lugonu was noncommittal.
You visited 1 branch of the dungeon, and saw 3 of its levels.
You visited the Abyss 1 time.

You collected 118 gold pieces.

Inventory:

Hand Weapons
 a - a +1 short sword (weapon)
 g - the +3 dagger of the Undead {antimagic, Contam rF+ Str+8 Dex+3}
   (You found it on level 2 of the Dungeon)

   It reduces the magical energy of the wielder, and disrupts the spells and
   magical abilities of those it strikes.
   Natural abilities and divine invocations are not affected.
   Str:       It affects your strength (+8).
   Dex:       It affects your dexterity (+3).
   rF:        It protects you from fire.
   Contam:    It causes magical contamination when unequipped.
Missiles
 c - 41 stones
Armour
 b - a +0 leather armour (worn)
Scrolls
 d - a scroll of blinking {unknown}
 e - 2 scrolls of fog
 f - a scroll of identify {@r1}
 h - 2 scrolls of teleportation


   Skills:
 - Level 3.2 Fighting
 + Level 5.5 Short Blades
 - Level 0.7 Armour
 - Level 2.4 Dodging
 - Level 2.0 Invocations


You had 3 spell levels left.
You didn't know any spells.
Your spell library contained the following spells:

 Spells                   Type           Power      Damage    Failure   Level
 Ensorcelled Hibernation  Hex/Ice        0%         N/A       61%         2
 Spider Form              Tmut/Pois      0%         N/A       83%         3
 Anguish                  Hex/Necr       0%         N/A       99%         4
 Summon Forest            Summ/Tloc      0%         N/A       100%        5
 Summon Mana Viper        Hex/Summ       0%         N/A       100%        5
 Summon Cactus Giant      Summ           0%         N/A       100%        6


Dungeon Overview and Level Annotations

Branches:
Dungeon (3/15)

Altars:

Annotations:
D:1 exclusion: downstairs


Innate Abilities, Weirdness & Mutations

You are small and have problems with some larger weapons.
You are completely attuned to the shadows.


Message History

The gnoll is moderately wounded.
The gnoll barely misses you. The hobgoblin barely misses you.
You barely miss the gnoll.
The gnoll is moderately wounded.
The gnoll hits you with a +0 flail.
You are too injured to fight recklessly!
You are too injured to fight recklessly!
You are too injured to fight recklessly!
You hit the gnoll.
The gnoll is heavily wounded.
The hobgoblin hits you but does no damage.
You hit the gnoll but do no damage.
The gnoll is heavily wounded.
The gnoll barely misses you. The hobgoblin closely misses you.
You hit the gnoll but do no damage.
The gnoll is heavily wounded.
The gnoll barely misses you. The hobgoblin closely misses you.
You hit the gnoll.
The gnoll is severely wounded.
The gnoll completely misses you. The hobgoblin misses you.
You hit the gnoll.
The gnoll is almost dead.
The gnoll misses you. The hobgoblin hits you.
You barely miss the gnoll.
The gnoll is almost dead.
The gnoll hits you with a +0 flail. The hobgoblin misses you.
You hit the gnoll but do no damage.
The gnoll is almost dead.
The gnoll closely misses you.
You barely miss the gnoll.
The gnoll is almost dead.
The hobgoblin misses you.
You closely miss the gnoll.
The gnoll is almost dead.
The gnoll misses you. The hobgoblin hits you.
* * * LOW HITPOINT WARNING * * *
You hit the gnoll but do no damage.
The gnoll is almost dead.
The gnoll hits you with a +0 flail!
You die...

#... ###
####. ... #.
# .. ..
..##### ...
#....# ###
#..>.# #..@.#
#..gg# .
#.....# .#
#.....###.###
#......).....
## .#.. +#
##...... ..
......###
#....... .#
#.##...###
#..).... #
#....#....#
##.......


You could see a gnoll and a hobgoblin.

Vanquished Creatures
  3 gnolls
  A worm (D:2)
  2 orcs
  2 endoplasms
  2 hobgoblins (D:1)
  5 jackals
  A ball python (D:1)
  A bat (D:2)
  2 frilled lizards
  2 goblins
  A rat (D:2)
22 creatures vanquished.

Notes
Turn   | Place    | Note
-------+----------+-------------------------------------------
     0 | Abyss:1  | dolemite99 the Kobold Abyssal Knight began the quest for
                  | the Orb.
     0 | Abyss:1  | Reached XP level 1. HP: 14/14 MP: 2/2
    66 | Abyss:1  | Noticed a balrug
    81 | Abyss:1  | Noticed a thrashing horror
    81 | Abyss:1  | Noticed a ynoxinul
    87 | D:1      | Escaped the Abyss
   485 | D:1      | Reached skill level 3 in Short Blades
   766 | D:1      | Found a faded altar of an unknown god.
   981 | D:1      | Reached * piety under Lugonu
  1107 | D:2      | Reached XP level 2. HP: 19/19 MP: 3/3
  1256 | D:1      | Reached skill level 4 in Short Blades
  1256 | D:1      | Reached XP level 3. HP: 9/23 MP: 4/4
  1831 | D:2      | Identified the +3 dagger of the Undead {antimagic, Contam
                  | rF+ Str+8 Dex+3}
  1919 | D:2      | Noticed a phantom
  2617 | D:1      | Reached skill level 5 in Short Blades
  3491 | D:2      | Reached XP level 4. HP: 27/28 MP: 5/5
  4520 | D:2      | Slain by a gnoll

Illustrated notes

Levels and vault maps discovered:
D:1:      scummos_arrival_star, layout_basic, ebering_ecumenical_altar_mist
D:2:      layout_rooms, serial_shops, nicolae_shop_behind_doors,
          chequers_serial_rivers_micro_e, minmay_hexomino_c4
D:3:      layout_loops_cross, uniq_natasha

Skill      XL: |  1  2  3 |
---------------+----------+-----
Short Blades   | 3 4 5 |  5.5
Fighting       | |  3.2
Armour         | |  0.7
Dodging        | |  2.4
Invocations    | |  2.0

Action                   |  1- 3 |  4- 6 || total
-------------------------+-------+-------++-------
Melee: Short sword       |    87 |    38 ||   125
       Punch             |     3 |     1 ||     4
Invok: Depart the Abyss  |     1 |       ||     1
  Use: Potion            |     2 |       ||     2
       Scroll            |     1 |     1 ||     2
 Stab: Sleeping          |     6 |     1 ||     7
Armor: Leather armour    |    15 |     4 ||    19
Dodge: Dodged            |    65 |    35 ||   100

Table legend: (Time is in decaauts)
 A = Elapsed time spent in this place.
 B = Non-inter-level travel time spent in this place.
 C = Inter-level travel time spent in this place.
 D = Time resting spent in this place.
 E = Time spent auto-exploring this place.
 F = Levels seen in this place.
 G = Mean time per level.
                   A        B        C        D        E       F      G
               +--------+--------+--------+--------+--------+-----+--------+
         Total |   4511 |   4352 |    159 |   2915 |    978 |   4 | 1127.8 |
       Dungeon |   4424 |   4265 |    159 |   2915 |    915 |   3 | 1474.7 |
         Abyss |     87 |     87 |      0 |      0 |     63 |   1 |   87.0 |
               +--------+--------+--------+--------+--------+-----+--------+

Top non-repeatable levels by time:
     D:1: 3495 daAuts
     D:2: 878 daAuts
 Abyss:1: 87 daAuts
     D:3: 49 daAuts
